 Dungeon Crawl Stone Soup version 0.22.1-1-ga44c0e5 (webtiles) character file.

598 bloo the Destroyer (level 7, -5/36 HPs)
             Began as a Deep Elf Conjurer on Oct 1, 2018.
             Slain by a big kobold (6 damage)
             ... on level 3 of the Dungeon.
             The game lasted 00:29:19 (4650 turns).

bloo the Destroyer (Deep Elf Conjurer)              Turns: 4650, Time: 00:29:20

Health: -5/36      AC:  7    Str:  7    XL:     7   Next: 17%
Magic:  2/17       EV: 15    Int: 20    God:
Gold:   184        SH:  0    Dex: 15    Spells: 14/17 levels left

rFire    . . .     SeeInvis .   f - +0 hand axe (freeze)
rCold    . . .     Gourm    .   (no shield)
rNeg     . . .     Faith    .   n - +0 robe (curse)
rPois    .         Spirit   .   (no helmet)
rElec    .         Reflect  .   (no cloak)
rCorr    .         Harm     .   b - +2 pair of gloves
MR       .....                  k - +1 pair of boots
Stlth    ++........             (no amulet)
HPRegen  0.12/turn              g - +2 ring of evasion
MPRegen  0.15/turn              (no ring)

@: no status effects
A: no striking features
a: no special abilities


You were on level 3 of the Dungeon.
You were hungry.

You visited 1 branch of the dungeon, and saw 4 of its levels.

You collected 184 gold pieces.

Inventory:

Hand Weapons
 f - a +0 hand axe of freezing (weapon)
Armour
 b - a +2 pair of gloves (worn)
 h - a +2 pair of gloves
 k - a +1 pair of boots (worn)
 n - a cursed +0 robe (worn)
 u - a +1 helmet
Jewellery
 g - a +2 ring of evasion (left hand)
 j - an uncursed ring of resist corrosion {unknown}
Scrolls
 d - 2 scrolls of enchant armour
 l - a scroll of noise {unknown}
 m - a scroll of teleportation
 q - a scroll of identify
 r - a scroll of random uselessness {unknown}
 t - a scroll of remove curse {unknown}
Potions
 e - 2 potions of haste {unknown}
 i - 2 potions of curing {unknown}
 o - a potion of heal wounds {unknown}
 p - a potion of degeneration {unknown}
 s - a potion of flight {unknown}
Comestibles
 c - 7 rations


   Skills:
 - Level 0.3 Axes
 - Level 2.4 Dodging
 - Level 2.4 Stealth
 + Level 5.8 Spellcasting
 + Level 8.5 Conjurations


You had 14 spell levels left.
You knew the following spells:

 Your Spells              Type           Power        Failure   Level  Hunger
a - Magic Dart            Conj           ####         1%          1    None
b - Searing Ray           Conj           #####.       1%          2    None

Your spell library contained the following spells:

 Spells                   Type           Power        Failure   Level  Hunger
 Iskenderun's Mystic Bla  Conj           #####...     3%          4    ####...
 Dazzling Spray           Conj/Hex       ###...       5%          3    ##.....
 Force Lance              Conj/Tloc      ###.....     19%         4    ####...
 Fulminant Prism          Conj/Hex       ###.......   19%         4    ####...


Dungeon Overview and Level Annotations

Branches:
Dungeon (4/15)
 Temple: D:4-7

Altars:


Message History

You don't have enough magic to cast that spell.
You barely miss the big kobold.
The big kobold is moderately wounded.
You hit the big kobold. You freeze the big kobold. You closely miss the gnoll.
The big kobold hits you but does no damage.
The big kobold misses you. The gnoll misses you.
You closely miss the big kobold.
The big kobold is moderately wounded.
You hit the gnoll. You freeze the gnoll. You closely miss the big kobold.
The big kobold barely misses you. The big kobold hits you with a whip.
* * * LOW HITPOINT WARNING * * *
The gnoll hits you with a flail.
* * * LOW HITPOINT WARNING * * *
The big kobold barely misses you. The big kobold closely misses you.
Unknown command.
You barely miss the big kobold.
The big kobold is moderately wounded.
You closely miss the big kobold. You hit the gnoll but do no damage.
The big kobold hits you.
You die...

............................
............................
≈..≈≈≈≈.≈≈≈≈≈.≈.≈≈≈≈≈≈≈≈≈≈≈≈
≈≈≈≈≈≈≈≈≈≈≈≈≈≈≈≈≈≈≈≈)≈≈≈≈≈≈≈
≈≈≈≈≈≈≈≈≈≈≈≈≈≈≈≈≈≈≈≈≈≈≈≈≈≈≈≈
≈≈≈≈≈≈≈≈≈≈≈≈≈≈#####≈≈≈≈≈≈≈≈≈
###############.(.#≈≈≈≈≈≈≈≈≈
.............(#...#≈≈≈≈≈≈≈≈≈
..............#K@K#
..............##g##
...########.....K# ).(#
#.....(# ...########.....)#
..............##)#
...........(..#$$$
..............#$$$#
###############.$$#


You could see 3 big kobolds and a gnoll.

Vanquished Creatures
  3 big kobolds (D:3)
  A hound (D:3)
  An orc wizard (D:3)
  3 orc priests (D:3)
  3 gnolls (D:3)
  5 adders
  2 oozes (D:2)
  4 dart slugs
  2 leopard geckos
  12 orcs (D:3)
  7 giant cockroaches
  12 goblins
  9 hobgoblins
  7 jackals
  32 kobolds
  3 quokkas
  2 ball pythons
  9 bats
  3 frilled lizards
  25 rats
145 creatures vanquished.

Notes
Turn   | Place    | Note
-------+----------+-------------------------------------------
     0 | D:1      | bloo the Deep Elf Conjurer began the quest for the Orb.
     0 | D:1      | Reached XP level 1. HP: 10/10 MP: 6/6
   195 | D:1      | Reached XP level 2. HP: 14/15 MP: 1/8
   210 | D:1      | Reached skill level 5 in Conjurations
   922 | D:1      | Reached XP level 3. HP: 19/19 MP: 7/9
   993 | D:1      | Learned a level 2 spell: Searing Ray
  1429 | D:2      | Reached skill level 6 in Conjurations
  1774 | D:2      | Reached XP level 4. HP: 24/24 MP: 7/10
  2180 | D:2      | Found a faded altar of an unknown god.
  2737 | D:3      | Reached XP level 5. HP: 28/28 MP: 5/12
  2779 | D:3      | Reached skill level 7 in Conjurations
  3306 | D:3      | Reached XP level 6. HP: 19/32 MP: 5/14
  4342 | D:3      | Reached skill level 5 in Spellcasting
  4342 | D:3      | Reached skill level 8 in Conjurations
  4633 | D:3      | Reached XP level 7. HP: 23/36 MP: 9/17
  4649 | D:3      | HP: 1/36 [gnoll/flail (3)]
  4650 | D:3      | Slain by a big kobold

Skill      XL: |  1  2  3  4  5  6 |
---------------+-------------------+-----
Conjurations   | 5 6 7 8 |  8.5
Spellcasting   | 4 5 |  5.8
Axes           | |  0.3
Dodging        | |  2.4
Stealth        | |  2.4

Action                   |  1- 3 |  4- 6 |  7- 9 || total
-------------------------+-------+-------+-------++-------
Melee: Unarmed           |    25 |       |       ||    25
       Hand axe          |       |    26 |     5 ||    31
 Cast: Magic Dart        |    83 |   107 |       ||   190
       Searing Ray       |       |    19 |     3 ||    22
  Use: Scroll            |       |     3 |       ||     3
  Eat: Chunk             |     2 |     9 |       ||    11
Armor: Robe              |    21 |    30 |     3 ||    54
Dodge: Dodged            |    57 |    70 |    19 ||   146
